 Dungeon Crawl Stone Soup version 0.22-a0-354-g30dfbe6 (webtiles) character file.

31983 Amnesiac the Reanimator (level 13, -5/101 HPs)
             Began as a Mummy Necromancer on Apr 16, 2018.
             Was a High Priest of Sif Muna.
             Slain by a shadow (23 damage)
             ... on level 15 of the Dungeon.
             The game lasted 00:43:33 (24192 turns).

Amnesiac the Reanimator (Mummy Necromancer)        Turns: 24192, Time: 00:43:34

Health: -5/101     AC:  6    Str: 12    XL:     13   Next: 28%
Magic:  0/46       EV: 16    Int: 18    God:    Sif Muna [*****.]
Gold:   853        SH:  0    Dex: 13    Spells: 5/40 levels left

rFire    . . .     SeeInvis .   a - staff of power
rCold    . . .     Gourm    .   (no shield)
rNeg     + + +     Faith    .   n - +1 leather armour {MR+}
rPois    ∞         Spirit   +   z - +0 helmet
rElec    .         Reflect  .   l - scarf {Spirit}
rCorr    .         Harm     .   w - +0 pair of gloves
MR       +++..                  (no boots)
Stlth    ++........             (no amulet)
HPRegen  0.26/turn              d - ring of protection from magic
MPRegen  0.30/turn              y - ring of fire

@: no casting
A: no food or potions, fire vulnerability, cold resistance 1, negative energy
resistance 3, torment resistance, unbreathing, in touch with death 1
a: Stop Divine Energy, Channel Magic, Forget Spell, Renounce Religion


You were on level 15 of the Dungeon.
You worshipped Sif Muna.
Sif Muna was extremely pleased with you.
You were not hungry.

You visited 3 branches of the dungeon, and saw 17 of its levels.
You visited the Abyss 1 time.

You collected 853 gold pieces.

Inventory:

Armour
 l - a scarf of spirit shield (worn)
 n - a +1 leather armour of magic resistance (worn)
 w - a +0 pair of gloves (worn)
 z - a +0 helmet (worn)
Magical Staves
 a - an uncursed staff of power (weapon)
 b - an uncursed staff of death
Jewellery
 d - a ring of protection from magic (left hand)
 q - an uncursed ring of flight
 y - a ring of fire (right hand)
Wands
 h - a wand of iceblast (29)
 j - a wand of digging (6)
 p - a wand of acid (11)
 u - a wand of disintegration (10)
 x - a wand of flame (28)
Scrolls
 c - 6 scrolls of teleportation {!r}
 g - 13 scrolls of remove curse {!r}
 m - 5 scrolls of enchant armour {!r}
 o - 5 scrolls of fog {!r}
 r - 2 scrolls of identify {!r}
 t - a scroll of vulnerability {!r}
 v - a scroll of holy word {!r}
 B - 2 scrolls of magic mapping {!r}
 C - a scroll of fear {!r}


   Skills:
 - Level 9.0 Fighting
 - Level 9.0 Dodging
 - Level 1.5 Stealth
 - Level 14.0 Spellcasting
 - Level 14.1 Necromancy
 * Level 1.1 Invocations


You had 5 spell levels left.
You knew the following spells:

 Your Spells              Type           Power        Failure   Level  Hunger
a - Bolt of Draining      Conj/Necr      ######....   10%         5    N/A
b - Corpse Rot            Necr           N/A          1%          2    N/A
c - Mephitic Cloud        Conj/Pois/Air  ##......     21%         3    N/A
d - Borgnjor's Vile Clut  Necr/Erth      ######....   10%         5    N/A
e - Dispel Undead         Necr           #######.     1%          5    N/A
f - Vampiric Draining     Necr           #######...   1%          3    N/A
g - Pain                  Necr           ####         1%          1    N/A
h - Apportation           Tloc           ##....       7%          1    N/A
i - Agony                 Necr           #######.     1%          5    N/A
s - Conjure Flame         Conj/Fire      ###.....     21%         3    N/A
v - Blink                 Tloc           N/A          10%         2    N/A

Dungeon Overview and Level Annotations

Branches:
Dungeon (15/15)            Temple (1/1) D:5            Lair (0/6) D:9
    Orc (1/2) D:10
 Vaults: D:13-14     Depths: D:15

Altars:
Ashenzari
Cheibriados
Dithmenos
Elyvilon
Fedhas
Gozag
Hepliaklqana
Kikubaaqudgha
Makhleb
Nemelex Xobeh
Okawaru
Qazlal
Ru
Sif Muna
Trog
Uskayaw
Vehumet
Wu Jian
Xom
Yredelemnul
Zin
The Shining One

Portals:
Trove: D:13 (give +3 gold dragon scales)

Annotations:
D:2 exclusions: oklob plant and 1 more exclusion
D:4 Dowan, Duvessa
D:12 Rupert


Innate Abilities, Weirdness & Mutations

You do not eat or drink.
Your flesh is vulnerable to fire.
You are immune to poison.
Your flesh is cold resistant. (rC+)
You are immune to negative energy. (rN+++)
You are immune to unholy pain and torment.
You can survive without breathing.
You are in touch with the powers of death.


Message History

Casting: Bolt of Draining (safe; 10% risk of failure)
Confirm with . or Enter, or press ? or * to list all spells.
Aiming: Bolt of Draining (safe; 10% risk of failure)
Press: ? - help, Shift-Dir - straight line, f/p - hornet
Aim: a hornet You feel a surge of power!
You miscast Bolt of Draining.
Sif Muna protects you from the effects of your miscast!
Sif Muna grants you divine energy.
You briefly lose access to your magic!
The hornet closely misses you. The hornet stings you!
* * * LOW HITPOINT WARNING * * *
You are unable to access your magic!
You regain access to your magic.
The hornet misses you.
Casting: Bolt of Draining (safe; 10% risk of failure)
Confirm with . or Enter, or press ? or * to list all spells.
Aiming: Bolt of Draining (safe; 10% risk of failure)
Press: ? - help, Shift-Dir - straight line, f/p - hornet
Aim: a hornet You feel a surge of power!
The bolt of negative energy hits the hornet.
The hornet is drained!
You kill the hornet!
Sif Muna accepts your kill.
Training target 14.0 for Spellcasting reached!
Your Spellcasting skill increases to level 14!
Your Invocations skill increases to level 1!
Sif Muna grants you divine energy.
You briefly lose access to your magic!
You are unable to access your magic!
You are unable to access your magic!
You are unable to access your magic!
You are unable to access your magic!
A shadow comes into view.
You are unable to access your magic!
You are unable to access your magic!
You are unable to access your magic!
You are unable to access your magic!
The shadow slips into darkness.
The shadow flickers and vanishes!
Deactivating autopickup; reactivate with Ctrl-A.
You are unable to access your magic!
You regain access to your magic.
The redback zombie bites you.
* * * LOW HITPOINT WARNING * * *
Casting: Bolt of Draining (safe; 10% risk of failure)
Confirm with . or Enter, or press ? or * to list all spells.
Aiming: Bolt of Draining (safe; 10% risk of failure)
Press: ? - help, Shift-Dir - straight line, f - green ugly thing
Aim: a green ugly thing (heavily wounded, lightly drained)
You feel a surge of power!
The bolt of negative energy misses the green ugly thing.
Sif Muna grants you divine energy.
You briefly lose access to your magic!
The redback zombie bites you!
* * * LOW HITPOINT WARNING * * *
The redback zombie bites you!
* * * LOW HITPOINT WARNING * * *
The redback zombie bites you but does no damage.
Press: ? - help, v - describe, . - travel
Here: a redback zombie The floor.
Unknown command.
The shadow strikes at you from the darkness!
You die...

#.......## #..y...## #......#
........##%.# ####.?..#...#
##...##..## #.... #..# #....
#..# ##.... #.@# #####
......##..# ##...##
........uZ######.....##
..............#.......#
..........u####.......#
........[......u......#
........########.....## #...#
........########.....##
....##............u.†........#


You could see 2 ugly things and a redback zombie.

Vanquished Creatures
  Josephine (D:12)
  Erica (D:10)
  2 hydras
  A catoblepas (D:14)
  3 two-headed ogres
  2 centaur warriors
  A tengu warrior (D:15)
  Sonja (D:15)
  4 skeletal warriors (D:13)
  An unseen horror (D:13)
  A deep elf archer (D:13)
  The ghost of Pikaro the Frost Mage, a novice BaIE of Gozag (D:7)
  A wizard (D:9)
  A wolf spider zombie (D:11)
  2 deep elf magi (D:13)
  6 ugly things
  A cyclops (D:7)
  Joseph (D:9)
  Maurice (D:9)
  Psyche (D:9)
  An efreet (D:13)
  3 komodo dragons
  3 trolls
  2 hornets
  4 slime creatures (D:14)
  2 hippogriffs (D:13)
  A hippogriff (shapeshifter) (D:13)
  5 yaks (D:11)
  4 wraiths
  2 shadows (D:14)
  4 hogs
  3 wyverns
  3 hungry ghosts
  Grum (D:8)
  3 humans
  2 acid dragons
  2 soldier ants
  A two-headed ogre zombie (D:10)
  A tengu zombie (D:11)
  2 water moccasins
  A meliai simulacrum (D:14)
  2 black bears
  7 orc warriors
  2 porcupines (D:9)
  2 ice beasts
  A tengu skeleton (D:11)
  3 sky beasts
  3 phantoms
  A necrophage (D:11)
  8 ogres
  An eye of draining (shapeshifter) (D:15)
  3 wolves
  7 centaurs
  2 manticore skeletons
  2 crocodiles
  4 bullfrogs
  3 big kobolds
  A hippogriff zombie (D:11)
  A komodo dragon zombie (D:11)
  A komodo dragon skeleton (D:11)
  2 wyvern skeletons
  6 scorpions
  A yak skeleton (D:11)
  7 wights
  4 howler monkeys
  6 crimson imps
  9 centaur zombies
  3 bullfrog zombies
  A quasit (D:10)
  3 hounds
  3 jellies
  7 orc priests
  A bullfrog skeleton (D:10)
  19 orc wizards
  3 centaur skeletons
  4 iguanas
  7 worker ants
  A necrophage skeleton (D:11)
  A hound skeleton (D:11)
  9 gnolls
  A howler monkey skeleton (D:11)
  10 adders
  9 shadow imps
  An ooze (D:3)
  An iguana zombie (D:11)
  2 adder skeletons
  3 adder zombies
  2 orc skeletons (D:10)
  3 dart slugs
  4 leopard geckos
  64 orcs
  4 bats
  8 giant cockroaches
  6 goblins
  6 hobgoblins
  9 jackals
  2 quokkas
  A ball python (D:4)
  3 frilled lizards
  A frilled lizard zombie (D:11)
  A gnoll zombie (D:10)
  3 goblin zombies (D:11)
  A hobgoblin zombie (D:11)
  2 jackal zombies
  18 kobolds
  A kobold zombie (D:11)
  A leopard gecko skeleton (D:4)
  2 leopard gecko zombies (D:11)
  7 orc zombies
  3 quokka skeletons
  3 quokka zombies (D:11)
  5 rats
421 creatures vanquished.

Vanquished Creatures (others)
  2 plants (D:7)
2 creatures vanquished.

Grand Total: 423 creatures vanquished

Notes
Turn   | Place    | Note
-------+----------+-------------------------------------------
     0 | D:1      | Amnesiac the Mummy Necromancer began the quest for the Orb.
     0 | D:1      | Reached XP level 1. HP: 13/13 MP: 4/4
   268 | D:1      | Reached XP level 2. HP: 16/20 MP: 0/5
   890 | D:1      | Reached skill level 1 in Fighting
   993 | D:2      | Reached XP level 3. HP: 26/26 MP: 4/7
   998 | D:2      | Learned a level 3 spell: Vampiric Draining
  1538 | D:2      | Found a faded altar of an unknown god.
  1742 | D:2      | Found a blossoming altar of Fedhas.
  1753 | D:2      | Noticed an oklob plant
  2064 | D:3      | Reached XP level 4. HP: 33/33 MP: 8/8
  3243 | D:3      | Reached XP level 5. HP: 25/39 MP: 9/9
  4017 | D:4      | Found a snail-covered altar of Cheibriados.
  4024 | D:4      | Reached XP level 6. HP: 36/47 MP: 2/10
  4134 | D:4      | Noticed Duvessa
  4134 | D:4      | Noticed Dowan
  4386 | D:4      | Reached skill level 5 in Dodging
  4518 | D:4      | Found a hide-covered altar of Uskayaw.
  4802 | D:5      | Entered Level 5 of the Dungeon
  4837 | D:5      | Reached XP level 7. HP: 53/53 MP: 2/11
  5388 | D:5      | Found a staircase to the Ecumenical Temple.
  5673 | Temple   | Entered the Ecumenical Temple
  5718 | Temple   | Became a worshipper of Kikubaaqudgha
  5741 | D:6      | Got an encrusted scale mail
  5754 | D:6      | Identified the cursed +1 scale mail of Liberalism {MR- Regen+ Str+4} (You found it on level 6 of the Dungeon)
  5779 | D:6      | Noticed a wyvern
  5798 | D:6      | Killed a wyvern
  5988 | D:5      | Reached XP level 8. HP: 57/60 MP: 10/12
  6208 | D:5      | Found a shattered altar of Ashenzari.
  6208 | D:5      | Found a glowing golden altar of the Shining One.
  6398 | D:5      | Reached skill level 5 in Fighting
  6767 | D:7      | Noticed Pikaro's ghost (novice BaIE)
  6896 | D:7      | Killed Pikaro's ghost
  6947 | D:7      | Noticed a cyclops
  7014 | D:7      | Killed a cyclops
  7014 | D:7      | Reached XP level 9. HP: 68/74 MP: 5/13
  7420 | D:7      | Reached * piety under Kikubaaqudgha
  7420 | D:7      | Identified Kikubaaqudgha's Incunabulum of Unholy Secrets (Kikubaaqudgha gifted it to you on level 7 of the Dungeon)
  7420 | D:7      | Received a gift from Kikubaaqudgha
  7677 | D:7      | Learned a level 2 spell: Blink
  7680 | D:7      | Learned a level 2 spell: Corpse Rot
  7684 | D:7      | Learned a level 3 spell: Conjure Flame
  7688 | D:7      | Learned a level 3 spell: Mephitic Cloud
  8074 | D:8      | Found a stormy altar of Qazlal.
  8154 | D:8      | Found a radiant altar of Vehumet.
  8201 | D:8      | Noticed Grum
  8257 | D:7      | Reached skill level 5 in Necromancy
  8302 | D:8      | Got a twisted plate armour
  8330 | D:8      | Found a deep blue altar of Sif Muna.
  8377 | D:8      | Reached XP level 10. HP: 55/83 MP: 10/16
  8417 | D:9      | Noticed Joseph
  8446 | D:9      | Killed Joseph
  8607 | D:9      | Found an iron altar of Okawaru.
  8617 | D:9      | Reached skill level 5 in Spellcasting
  8628 | D:9      | Reached ** piety under Kikubaaqudgha
  8676 | D:9      | Noticed a two-headed ogre
  8684 | D:9      | HP: 3/83 [two-headed ogre/giant club (10)]
  8688 | D:9      | Killed a two-headed ogre
  8942 | D:9      | Noticed Psyche
  8949 | D:9      | Killed Psyche
  9086 | D:9      | Found a staircase to the Lair.
  9331 | D:9      | Noticed a wizard
  9334 | D:9      | Cast into level 3 of the Abyss (a wizard)
  9366 | D:9      | Escaped the Abyss
  9374 | D:9      | Killed a wizard
  9434 | D:9      | Found an ornate altar of the Wu Jian Council.
  9495 | D:9      | Noticed Maurice
  9520 | D:9      | Killed Maurice
  9533 | D:9      | Identified the +8 plate armour of Vehumet's Anger {rF+ MR+ Int+2} (You found it on level 8 of the Dungeon)
  9673 | D:8      | Killed Grum
  9742 | D:10     | Entered Level 10 of the Dungeon
  9743 | D:10     | Found a basalt altar of Yredelemnul.
 10068 | D:10     | Reached XP level 11. HP: 76/89 MP: 22/22
 10234 | D:10     | Reached *** piety under Kikubaaqudgha
 10234 | D:10     | Identified Kikubaaqudgha's Handbook of Necromancy (Kikubaaqudgha gifted it to you on level 10 of the Dungeon)
 10234 | D:10     | Received a gift from Kikubaaqudgha
 10264 | D:9      | Learned a level 5 spell: Dispel Undead
 10270 | D:9      | Learned a level 5 spell: Agony
 10331 | D:8      | Fell from the grace of Kikubaaqudgha
 10331 | D:8      | Became a worshipper of Sif Muna the Loreminder
 10968 | D:10     | Noticed Erica
 10985 | D:10     | Killed Erica
 11052 | D:10     | Found a staircase to the Orcish Mines.
 11501 | D:10     | Reached * piety under Sif Muna
 12541 | D:11     | Reached skill level 10 in Necromancy
 13882 | D:11     | Noticed a cyan ugly thing
 13889 | D:11     | Noticed a reaper
 14299 | D:11     | Noticed a reaper
 14353 | D:11     | Killed a cyan ugly thing
 14687 | D:11     | HP: 2/89 [troll (7)]
 15236 | D:11     | Noticed a green ugly thing
 15267 | D:11     | Killed a green ugly thing
 15777 | D:11     | Noticed a reaper
 16046 | D:11     | Noticed a two-headed ogre
 16055 | D:11     | Killed a two-headed ogre
 16055 | D:11     | Reached ** piety under Sif Muna
 16093 | D:11     | Noticed a soul eater
 17091 | D:12     | Noticed Josephine
 17136 | D:11     | Was forgiven by Kikubaaqudgha
 17466 | D:12     | Killed Josephine
 17466 | D:12     | Reached skill level 10 in Spellcasting
 17623 | D:12     | Noticed a red ugly thing
 17630 | D:12     | Killed a red ugly thing
 17769 | D:12     | Noticed a five-headed hydra
 18186 | D:12     | Learned a level 5 spell: Borgnjor's Vile Clutch
 18193 | D:12     | Reached XP level 12. HP: 61/95 MP: 16/26
 18312 | D:12     | Noticed Rupert
 18317 | D:12     | HP: 3/95 [Rupert/battleaxe of chopping (4)]
 18938 | D:11     | Killed a five-headed hydra
 19161 | Orc:1    | Entered Level 1 of the Orcish Mines
 19488 | D:13     | Noticed a centaur warrior
 19745 | D:13     | Killed a centaur warrior
 19745 | D:13     | Reached *** piety under Sif Muna
 20428 | D:13     | Got an ivory falchion
 20540 | D:13     | Noticed a vault guard
 20886 | D:13     | Noticed a vault guard
 21005 | D:13     | Noticed a two-headed ogre
 21012 | D:13     | Killed a two-headed ogre
 21316 | D:13     | Noticed a five-headed hydra
 21374 | D:13     | Killed a five-headed hydra
 21480 | D:13     | Noticed a vault guard
 21723 | D:13     | Learned a level 1 spell: Apportation
 21769 | D:13     | Reached **** piety under Sif Muna
 22203 | D:13     | Found a portal to a secret trove of treasure.
 22403 | D:14     | Identified the +11 falchion "Tibboyxt" {freeze, +Fly} (You found it on level 13 of the Dungeon)
 22478 | D:14     | Noticed a centaur warrior
 22484 | D:14     | Killed a centaur warrior
 22631 | D:14     | Gained mutation: You are in touch with the powers of death. [Mummy growth]
 22631 | D:14     | Reached XP level 13. HP: 58/101 MP: 11/30
 23545 | D:14     | Reached ***** piety under Sif Muna
 23545 | D:14     | Received a gift from Sif Muna
 23554 | D:14     | Learned a level 5 spell: Bolt of Draining
 23919 | D:15     | Entered Level 15 of the Dungeon
 23946 | D:15     | Noticed Sonja
 23953 | D:15     | Killed Sonja
 23991 | D:15     | Noticed a dire elephant
 24179 | D:15     | Reached skill level 1 in Invocations
 24192 | D:15     | Slain by a shadow

Vault maps used:
D:1:      dpeg_arrival_windows_large_door
D:2:      tgw_fedhas, chequers_ecumenical_altar_simple_redux, hex_tiny,
          minivault_23, dk_noncrumbling_4
D:4:      lemuel_doored_altar, lemuel_round_altar, uniq_duvessa
D:5:      gammafunk_temple_overflow_wave, minmay_temple_entry_from_below_a,
          first_ration
D:7:      grunt_livestock, kennysheep_boxes
D:8:      vehumet_crystals, nicolae_qazlal_general_emergency,
          overflow_temple_1_default, uniq_grum
D:9:      okawaru_humans, lemuel_crystal_altar, grunt_lair_entry_orc_guard_hut,
          lightli_wizard_tower, uniq_joseph, uniq_maurice, uniq_psyche
D:10:     hiddenorc2_lemuel, yredelemnul_altar_generic, uniq_erica
D:12:     uniq_rupert, uniq_josephine
D:13:     grunt_vaults_entry_fortified, nicolae_trove_entry_crossroad
D:14:     grunt_decor_cap
D:15:     hangedman_depths_entry_try_elsewhere_first,
          portal_ice_cave_entry_pillars_2, minmay_strange_pillars, uniq_sonja
Temple:   nicolae_temple_x_marks_the_god
Orc:1:    basic_altar
Abyss:3:  evilmike_abyss_exit_kraken, minivault_20,
          grunt_abyss_rune_forest_and_sorcery, minivault_25_ag

Skill      XL: |  1  2  3  4  5  6  7  8  9 10 11 12 13 |
---------------+----------------------------------------+-----
Dodging        | 2 3 4 5 7 9 |  9.0
Spellcasting   | 3 4 7 10 13 14 | 14.0
Fighting       | 1 2 3 4 8 9 |  9.0
Necromancy     | 5 9 12 13 14 | 14.1
Invocations    | 1 |  1.1
Stealth        | |  1.5

Action                   |  1- 3 |  4- 6 |  7- 9 | 10-12 | 13-15 || total
-------------------------+-------+-------+-------+-------+-------++-------
Melee: Unarmed           |    11 |       |       |       |       ||    11
       Flail             |       |    77 |   450 |    32 |       ||   559
       Dagger            |       |       |    26 |       |       ||    26
       Staff             |       |       |       |     7 |     2 ||     9
       Hunting sling     |       |       |       |     3 |       ||     3
       Falchion          |       |       |       |    39 |    38 ||    77
 Fire: Hunting sling     |    31 |    89 |       |   747 |       ||   867
 Cast: Pain              |    65 |     8 |    39 |    52 |       ||   164
       Vampiric Draining |       |    14 |     6 |    85 |       ||   105
       Dispel Undead     |       |       |       |    65 |     4 ||    69
       Agony             |       |       |       |    72 |    24 ||    96
       Blink             |       |       |       |     5 |       ||     5
       Borgnjor's Vile C |       |       |       |    21 |     2 ||    23
       Mephitic Cloud    |       |       |       |     1 |       ||     1
       Apportation       |       |       |       |     2 |       ||     2
       Bolt of Draining  |       |       |       |       |    36 ||    36
Invok: Divine Energy     |       |       |       |     1 |       ||     1
Evoke: Wand              |       |       |    13 |    26 |       ||    39
  Use: Scroll            |     3 |     4 |     7 |    10 |       ||    24
Armor: Robe              |     6 |     2 |       |       |       ||     8
       Leather armour    |       |    34 |    11 |   121 |    26 ||   192
       Scale mail        |       |       |   279 |    37 |       ||   316
       Plate armour      |       |       |       |    31 |       ||    31
Dodge: Dodged            |    29 |    89 |   517 |   678 |    54 ||  1367
       Rpst.: Falchion   |       |       |       |    13 |     7 ||    20

Table legend:
 A = Spawn XP
 B = Non-spawn XP
 C = Spawn XP percentage of total XP
 D = Spawn monster count
 E = Non-spawn monster count
 F = Spawn count percentage of total count
 G = Total turns spent on level
                    A         B        C        D         E        F      G
               +---------+---------+-------+---------+---------+-------+---------
         Total |       0 |   45690 |   0.0 |       0 |     375 |   0.0 | 24192
               +---------+---------+-------+---------+---------+-------+---------
           D:1 |       0 |      27 |   0.0 |       0 |      14 |   0.0 |   902
           D:2 |       0 |      49 |   0.0 |       0 |      15 |   0.0 |  1047
           D:3 |       0 |     143 |   0.0 |       0 |      24 |   0.0 |  1842
           D:4 |       0 |     469 |   0.0 |       0 |      17 |   0.0 |  1011
           D:5 |       0 |     828 |   0.0 |       0 |      18 |   0.0 |  1286
           D:6 |       0 |     606 |   0.0 |       0 |      10 |   0.0 |   697
           D:7 |       0 |    2780 |   0.0 |       0 |      23 |   0.0 |  1043
           D:8 |       0 |     910 |   0.0 |       0 |      19 |   0.0 |   681
           D:9 |       0 |    4914 |   0.0 |       0 |      34 |   0.0 |  1687
          D:10 |       0 |    2724 |   0.0 |       0 |      60 |   0.0 |  2593
          D:11 |       0 |    6883 |   0.0 |       0 |      39 |   0.0 |  4592
          D:12 |       0 |    3215 |   0.0 |       0 |      19 |   0.0 |  2311
          D:13 |       0 |   11916 |   0.0 |       0 |      37 |   0.0 |  2626
          D:14 |       0 |    6646 |   0.0 |       0 |      36 |   0.0 |  1548
          D:15 |       0 |    3459 |   0.0 |       0 |       9 |   0.0 |   226
         Orc:1 |       0 |     121 |   0.0 |       0 |       1 |   0.0 |    17
               +---------+---------+-------+---------+---------+-------+---------
